 Dungeon Crawl Stone Soup version 0.30-a0-465-g8901f6c8b5 (webtiles) character file.

Game seed: 5225321813230181746

65 arthad the Grave Robber (level 3, -6/25 HPs)
             Began as a Mummy Necromancer on Dec 17, 2022.
             Killed from afar by an orc wizard (9 damage)
             ... with a magic dart
             ... on level 3 of the Dungeon.
             The game lasted 00:05:07 (1898 turns).

arthad the Grave Robber (Mummy Necromancer)         Turns: 1898, Time: 00:05:07

Health: -6/25      AC:  2    Str: 11    XL:     3   Next: 94%
Magic:  0/8        EV: 12    Int: 16    God:
Gold:   88         SH:  0    Dex: 12    Spells: 5/9 levels left

rFire   x . .      SeeInvis .    h - +3 spear
rCold   + . .      Faith    +    (no shield)
rNeg    + + +      Spirit   .    a - +0 robe
rPois   ∞          Reflect  .    (no helmet)
rElec   .          Harm     .    (no cloak)
rCorr   .          Rampage  .    (no gloves)
Will    .....                    (no boots)
Stlth   ++........               (no amulet)
HPRegen 0.24/turn                f - ring of flight
MPRegen 0.11/turn                (no ring)

@: flying
A: cold resistance 1, negative energy resistance 3, torment resistance 2, heat
vulnerability 1, in touch with death 1, no potions, faith
a: no special abilities


You were on level 3 of the Dungeon.
You visited 1 branch of the dungeon, and saw 3 of its levels.

You collected 88 gold pieces.

Inventory:

Hand Weapons
 h - a +3 spear (weapon)
Armour
 a - a +0 robe (worn)
 i - a +0 pair of gloves
Jewellery
 f - a ring of flight (left hand)
Scrolls
 c - a scroll of magic mapping {unknown}
 d - a scroll of identify {unknown}
 e - 2 scrolls of teleportation {unknown}
 j - a scroll of enchant armour {unknown}
Potions
 b - a potion of heal wounds {unknown}
 g - a potion of attraction {unknown}


   Skills:
 + Level 0.9 Fighting
 + Level 1.9 Dodging
 + Level 2.0 Stealth
 * Level 3.7 Spellcasting
 * Level 4.5 Necromancy


You had 5 spell levels left.
You knew the following spells:

 Your Spells              Type           Power      Damage    Failure   Level
a - Necrotise             Necr           100%       1d9       2%          1
b - Vampiric Draining     Necr           26%        2d7       9%          3

Your spell library contained the following spells:

 Spells                   Type           Power      Damage    Failure   Level
 Animate Dead             Necr           26%        N/A       26%         4
 Agony                    Necr           26%        N/A       58%         5


Dungeon Overview and Level Annotations

Branches:
Dungeon (3/15)

Altars:

Shops:
D:2 [


Innate Abilities, Weirdness & Mutations

You are immune to poison.
Your flesh is cold resistant. (rC+)
You are immune to negative energy. (rN+++)
You are immune to unholy pain and torment.
You are vulnerable to heat. (rF-)
You are in touch with the powers of death.
You do not drink.
You have a special connection with the divine. (Faith)


Message History

The orc misses you. Something hits you but does no damage.
Your orc skeleton hits the orc but does no damage.
Your quokka skeleton closely misses something.
You hit the orc but do no damage. The orc barely misses you.
Something hits you.
Your quokka skeleton misses something.
Your orc skeleton hits the orc but does no damage.
Aiming: Necrotise (safe; 2% risk of failure)
Press: ? - help, Q - select action Shift-Dir - straight line, f/p - orc
Aim: an orc, wielding a +0 dagger and wearing a +0 leather armour (ally target, chance to affect: 93%)
You feel a surge of power!
The orc writhes in agony.
You hear some strange, mumbled words.
A puff of flame appears from out of thin air!
The puff of flame hits you! The fire burns you terribly!
The orc hits you with a +0 dagger.
* * * LOW HITPOINT WARNING * * *
Your quokka skeleton barely misses something.
Your orc skeleton hits the orc.
Unknown command.
Unknown command.
You can't drink.
You can't drink.
Okay, then.
You hit something. Something hits you but does no damage.
The orc hits you with a +0 dagger.
* * * LOW HITPOINT WARNING * * *
Your quokka skeleton bites something.
You closely miss something. The orc misses you. Something hits you.
* * * LOW HITPOINT WARNING * * *
Your orc skeleton hits the orc.
Your quokka skeleton bites something but does no damage.
Aiming: Necrotise (safe; 2% risk of failure)
Press: ? - help, Q - select action Shift-Dir - straight line, f/p - orc
Aim: an orc, wielding a +0 dagger and wearing a +0 leather armour (heavily wounded, not watching you, ally target, chance to affect: 93%)
You feel a surge of power!
The orc writhes in agony.
You kill the orc!
The dead are walking!
You hear some strange, mumbled words.
A magic dart appears from out of thin air!
The magic dart hits you!
You die...

###### ######
##.....#..(..##
#.........Z...#
.....$..)Z.....
.......@{(()...
........Z......
............>..
...............
...............
.......#.....##
....### ####.#
.... ..


You could see a friendly quokka skeleton and 2 friendly orc skeletons.

Vanquished Creatures
  2 adders (D:2)
  2 orcs (D:3)
  2 endoplasms
  3 giant cockroaches (D:2)
  4 goblins
  2 hobgoblins
  5 quokkas
  5 ball pythons
  5 bats
  3 frilled lizards
  6 kobolds
  4 rats
43 creatures vanquished.

Vanquished Creatures (collateral kills)
  A rat (D:2)
1 creature vanquished.

Grand Total: 44 creatures vanquished

Notes
Turn   | Place    | Note
-------+----------+-------------------------------------------
     0 | D:1      | arthad the Mummy Necromancer began the quest for the Orb.
     0 | D:1      | Reached XP level 1. HP: 13/13 MP: 4/4
   381 | D:1      | Reached XP level 2. HP: 19/19 MP: 4/6
   874 | D:2      | Found Neoskotepe's Armour Boutique.
   965 | D:2      | Gained mutation: You are in touch with the powers of death.
                  | [Mummy growth]
   965 | D:2      | Reached XP level 3. HP: 25/25 MP: 0/7
  1037 | D:2      | Learned a level 3 spell: Vampiric Draining
  1898 | D:3      | Killed from afar by an orc wizard

Illustrated notes

Levels and vault maps discovered:
D:1:      shiori_arrival_oz, layout_basic
D:2:      layout_loops_ring, serial_shops, nicolae_shop_trees
D:3:      layout_rooms, kennysheep_ying_yang, lemuel_doored_altar,
          nicolae_tso_carved_into_rock, mainiacjoe_overflow_catch_the_wave

Skill      XL: |  1  2  3 |
---------------+----------+-----
Spellcasting   | 3 |  3.7
Stealth        | 2 |  2.0
Fighting       | |  0.9
Dodging        | |  1.9
Necromancy     | |  4.5

Action                   || total
-------------------------++-------
Melee: Unarmed           ||    11
       Spear             ||     4
Throw: Dart              ||     5
 Cast: Necrotise         ||    75
Armor: Robe              ||     5
Dodge: Dodged            ||    26

Table legend: (Time is in decaauts)
 A = Elapsed time spent in this place.
 B = Non-inter-level travel time spent in this place.
 C = Inter-level travel time spent in this place.
 D = Time resting spent in this place.
 E = Time spent auto-exploring this place.
 F = Levels seen in this place.
 G = Mean time per level.
                   A        B        C        D        E       F      G
               +--------+--------+--------+--------+--------+-----+--------+
         Total |   1897 |   1803 |     94 |     70 |   1474 |   3 |  632.3 |
       Dungeon |   1897 |   1803 |     94 |     70 |   1474 |   3 |  632.3 |
               +--------+--------+--------+--------+--------+-----+--------+

Top non-repeatable levels by time:
     D:2: 1044 daAuts
     D:1: 833 daAuts
     D:3: 19 daAuts
